AoeStats
← Dd

African Clearing

510477302Analyzed
4v4 RM · 14h ago on Oct 1, 2026· 34m 23s· 8 players
Game mode
Random Map
Map size
Large (8 player)
Population
200
Speed
Normal
Resources
Standard
Victory
Conquest
Starting age
Dark Age
Ending age
Imperial Age
RankedLock teamsTeams togetherTeam positionsShared explorationLock speedFull tech treeHidden civsTurbo modeCheats
Victory
Defeat
🇺🇸 Mongols · United States
1543
+11
🇨🇱 Huns · Chile
1466
+14
🇲🇽 Portuguese · Mexico
1434
+15
🇭🇰 Varangians · Hong Kong SAR China
1363
+19
🇨🇳 Huns · China
1441
-15
🇹🇼 Celts · Taiwan
1439
-15
🇨🇳 Magyars · China
1418
-15
🇨🇳 Persians · China
1396
-14
JINJIN
5:59 Loom
14:37 Feudal Age
20:26 Castle Age
18:43 Double-Bit Axe
21:49 Pikeman
23:33 Fishing Lines
28:28 Wheelbarrow
28:08 Bow Saw
29:17 Ballistics
32:46 Gold Mining
32:40 Horse Collar
36:48 Imperial Age
Dongbaba
8:30 Loom
12:01 Feudal Age
12:40 Double-Bit Axe
13:23 Double-Bit Axe
14:00 Horse Collar
19:17 Wheelbarrow
21:58 Castle Age
20:58 Scale Barding Armor
23:19 Husbandry
23:30 Bloodlines
25:59 Hand Cart
25:59 Town Watch
27:18 Light Cavalry
28:13 Heavy Plow
30:48 Bow Saw
Dd
8:34 Loom
12:37 Feudal Age
14:04 Double-Bit Axe
17:37 Scale Barding Armor
17:43 Forging
21:33 Forging
23:35 Castle Age
22:44 Fletching
22:55 Padded Archer Armor
23:30 Bloodlines
23:54 Light Cavalry
30:12 Bodkin Arrow
31:59 Leather Archer Armor
祈求好运
7:00 Loom
20:55 Feudal Age
29:30 Fletching
35:03 Castle Age
_dEus_
12:52 Feudal Age
11:08 Loom
17:24 Castle Age
15:23 Double-Bit Axe
17:03 Fletching
18:23 Bodkin Arrow
18:39 Bow Saw
19:36 Padded Archer Armor
20:57 Bloodlines
20:48 Husbandry
23:36 Leather Archer Armor
27:06 Ballistics
[C82]sasuke
9:13 Loom
11:19 Feudal Age
12:23 Double-Bit Axe
15:31 Bloodlines
22:54 Castle Age
20:58 Horse Collar
22:18 Forging
23:18 Scale Barding Armor
23:08 Light Cavalry
25:58 Fletching
28:10 Bodkin Arrow
32:23 Padded Archer Armor
34:13 Bow Saw
34:29 Leather Archer Armor
34:24 Husbandry
Kanon
7:11 Loom
12:01 Feudal Age
12:58 Double-Bit Axe
16:32 Horse Collar
24:47 Gold Mining
28:56 Castle Age
28:22 Wheelbarrow
34:07 Heavy Plow
明月清风
6:46 Loom
15:11 Feudal Age
19:33 Town Watch
25:47 Fletching
31:00 Castle Age
29:46 Double-Bit Axe
29:55 Gold Mining
33:01 Bodkin Arrow
34:36 Bow Saw
Connection lost

Rejoining the realm…

Still unreachable

The connection could not be restored.

Session expired

The server has moved on; the page needs a fresh start.